Map: Beckett Industries LE

Players

Reynor - Winner!

  • Race: Zerg Zerg

Serral

  • Race: Zerg Zerg

Event: DreamHack SC2 Masters 2021 Fall

VOD

Have the link to the VOD?

Description

Time

  • Played on: Aug. 13, 2021, 12:26 p.m.
  • Length: 8:53

All games in this series

Show
View Real Time Build Order
Export as new Build Order

Reynor Zerg - Winner!

Build Orders: Hatch First 

Get SALT Encoding   

  12  0:00  Drone  
  13  0:12  Overlord  
  13  0:17  Drone  
  14  0:30  Drone x2  
  16  0:48  Hatchery  
  15  0:51  Drone  
  15  0:55  Drone  
  17  1:09  Drone  
  18  1:12  Spawning Pool  
  18  1:15  Drone  
  18  1:19  Drone  
  18  1:25  Extractor  
  18  1:27  Drone  
  19  1:38  Drone  
  20  1:48  Overlord  
  20  2:00  Queen x2, Drone x2  
  26  2:11  Zergling x2, Drone  
  28  2:21  Drone  
  28  2:22  Drone  
  30  2:30  Hatchery  
  30  2:33  Drone x2  
  31  2:43  Drone, Overlord  
  32  2:49  Queen  
  34  2:52  Evolution Chamber  
  34  2:53  Drone  
  34  2:55  Drone  
  35  3:06  Drone x2  
  35  3:07  Overlord  
  35  3:11  Drone x3  
  40  3:18  Zergling x2  
  41  3:20  Overlord  
  41  3:23  Drone  
  41  3:25  Drone  
  41  3:26  Drone  
  44  3:28  Zerg Missile Weapons Level 1  
  44  3:33  Overlord  
  44  3:38  Drone  
  45  3:41  Roach Warren  
  45  3:47  Extractor  
  45  3:48  Extractor, Drone  
  43  3:49  Drone  
  43  3:50  Drone  
  43  3:52  Drone  
  43  3:55  Drone x2  
  47  3:59  Drone x2  
  47  4:02  Drone  
  51  4:03  Drone  
  51  4:07  Drone  
  51  4:08  Overlord  
  52  4:21  Roach x5  
  62  4:25  Spine Crawler  
  62  4:28  Roach x2  
  65  4:31  Roach  
  65  4:34  Spine Crawler  
  65  4:35  Roach  
  65  4:38  Roach  
  69  4:39  Roach  
  69  4:40  Roach  
  69  4:43  Roach  
  69  4:45  Overlord  
  75  4:48  Roach x2  
  75  4:51  Roach  
  81  4:54  Overlord  
  81  4:57  Ravager  
  82  5:03  Roach  
  82  5:04  Roach x2  
  88  5:07  Overlord  
  88  5:13  Roach  
  88  5:14  Roach x2  
  80  5:25  Roach  
  80  5:26  Queen, Roach x3  
  74  5:31  Zergling x4, Roach  
  76  5:39  Roach x3  
  76  5:41  Roach  
  84  5:46  Roach  
  86  5:50  Queen  
  87  5:57  Lair  
  87  5:58  Roach Warren  
  87  6:00  Drone x2  
  71  6:16  Queen  
  65  6:23  Drone x3  
  65  6:24  Drone x2  
  66  6:31  Zerg Ground Armor Level 1  
  68  6:38  Roach x6  
  80  6:45  Extractor, Roach  
  81  6:47  Roach  
  81  6:48  Roach x2  
  81  6:49  Roach  
  89  6:55  Roach  
  89  6:58  Overlord x2  
  89  6:59  Overlord  
  91  7:03  Glial Reconstitution  
  89  7:10  Drone  
  89  7:14  Overlord  
  90  7:19  Roach x4  
  90  7:22  Roach  
  100  7:24  Roach  
  100  7:29  Roach  
  104  7:31  Overlord  
  104  7:34  Overlord  
  104  7:35  Roach x2  
  108  7:39  Roach  
  108  7:40  Roach  
  108  7:41  Roach  
  108  7:44  Overlord  
  114  7:45  Overlord  
  116  7:51  Roach x4  
  116  7:54  Overlord  
  116  7:56  Overlord  
  122  8:04  Roach x4  
  122  8:05  Ravager  
  131  8:07  Roach x2  
  131  8:11  Roach  
  137  8:16  Roach x3  
  137  8:18  Roach  
  145  8:20  Roach  
  145  8:22  Roach  
  145  8:24  Roach  
  151  8:28  Overlord  
  151  8:30  Roach  
Show
View Real Time Build Order
Export as new Build Order

Serral Zerg 

Build Orders: Hatch First 

Get SALT Encoding   

  12  0:00  Drone  
  13  0:12  Overlord  
  13  0:16  Drone  
  14  0:30  Drone x2  
  16  0:47  Hatchery  
  15  0:50  Drone  
  15  0:54  Drone  
  18  0:57  Drone  
  18  1:08  Extractor  
  17  1:12  Spawning Pool  
  17  1:15  Drone  
  17  1:18  Drone  
  18  1:27  Drone  
  19  1:38  Drone  
  20  1:48  Drone  
  21  1:59  Queen x2, Zergling x2  
  21  2:00  Overlord  
  26  2:10  Drone x2  
  28  2:21  Drone x2  
  30  2:31  Overlord  
  30  2:32  Drone  
  30  2:34  Queen  
  30  2:36  Queen  
  35  2:42  Drone, Overlord  
  36  2:48  Evolution Chamber  
  35  2:54  Drone  
  35  2:55  Drone  
  37  3:04  Roach Warren  
  36  3:07  Drone x4  
  36  3:10  Extractor  
  39  3:13  Drone x3  
  39  3:18  Zerg Missile Weapons Level 1  
  41  3:23  Drone  
  41  3:25  Overlord  
  42  3:28  Overlord  
  42  3:32  Overlord  
  42  3:43  Evolution Chamber  
  42  3:46  Roach x3  
  42  3:47  Extractor  
  46  3:50  Roach x2  
  51  4:00  Overlord  
  51  4:01  Roach  
  51  4:02  Roach x2  
  57  4:10  Roach  
  57  4:11  Roach  
  57  4:15  Roach x2  
  57  4:16  Roach  
  67  4:24  Roach x3  
  73  4:29  Overlord  
  73  4:37  Roach x2  
  77  4:38  Overlord  
  77  4:41  Zergling x2  
  77  4:45  Zergling x4  
  80  4:47  Zergling x2  
  80  4:49  Zergling x2  
  82  4:53  Ravager x3  
  82  4:58  Zergling x4  
  82  4:59  Zergling x2  
  88  5:02  Ravager  
  87  5:18  Roach x3  
  88  5:24  Roach  
  88  5:27  Ravager  
  81  5:35  Roach x2  
  80  5:38  Queen x2  
  80  5:42  Ravager  
  85  5:46  Roach x2  
  79  5:58  Roach  
  79  5:59  Roach  
  75  6:05  Hatchery  
  75  6:09  Roach x2  
  68  6:15  Roach x2  
  57  6:29  Roach x2  
  57  6:32  Lair  
  59  6:36  Drone  
  60  6:40  Drone  
  60  6:44  Ravager x3, Drone  
  60  6:45  Drone  
  66  6:54  Drone  
  67  6:55  Drone  
  68  7:01  Drone x2  
  68  7:04  Drone x4  
  68  7:07  Queen  
  76  7:09  Overlord  
  76  7:13  Overlord  
  76  7:21  Drone x3  
  79  7:29  Roach x3  
  85  7:30  Glial Reconstitution  
  85  7:37  Roach  
  85  7:38  Roach  
  85  7:41  Overseer  
  89  7:44  Roach x2  
  89  7:51  Roach x3  
  99  7:58  Roach x3  
  105  8:02  Overlord x2  
  105  8:08  Roach x3  
  111  8:14  Roach x2  
  111  8:16  Roach  
  117  8:23  Roach x2  
  121  8:29  Roach x2  

Tags
 
Add a new tag
Caveats
  • Supply blocks, unpowered buildings, or Contaminate may cause inaccurate times.
  • Supply counts are checked every 10 seconds.